 Dungeon Crawl Stone Soup version 0.28.0-53-g5a82cb258f (webtiles) character file.

Game seed: 9167799214330249934

6951 firemarshallily the Tainter (level 11, -12/90 HPs)
             Began as a Naga Venom Mage on June 9, 2022.
             Was an Elder of Fedhas.
             Killed by the air
             ... invoked by Gastronok
              (19 damage)
             ... on level 10 of the Dungeon.
             The game lasted 00:43:56 (11635 turns).

firemarshallily the Tainter (Naga Venom Mage)      Turns: 11635, Time: 00:43:58

Health: -12/90     AC:  9    Str: 10    XL:     11   Next: 7%
Magic:  3/25       EV: 14    Int: 20    God:    Fedhas [****..]
Gold:   494        SH:  0    Dex: 12    Spells: 20/30 levels left

rFire   . . .      SeeInvis +   h - +3 dire flail (protect)
rCold   . . .      Faith    .   (shield currently unavailable)
rNeg    + . .      Spirit   .   a - +0 robe
rPois   +          Reflect  .   c - +0 helmet
rElec   .          Harm     .   i - +0 cloak
rCorr   .          Rampage  .   (no gloves)
Will    +....                   (no barding)
Stlth   ++++......              (no amulet)
HPRegen 0.25/turn               D - +4 ring of evasion
MPRegen 0.19/turn               B - ring of positive energy

@: radiating poison, corroded, under a protective aura, very slightly
contaminated, unable to read, very slow
A: AC +3, large, see invisible, deformed body, poison resistance, slowness 2,
spit poison 1, naga tail 1, wild magic 1, inability to read while threatened
a: Spit Poison, Renounce Religion, Wall of Briars, Grow Ballistomycete, Overgrow


You were on level 10 of the Dungeon.
You worshipped Fedhas.
Fedhas was greatly pleased with you.
You visited 2 branches of the dungeon, and saw 11 of its levels.

You collected 494 gold pieces.

Inventory:

Hand Weapons
 h - a +3 dire flail of protection (weapon)
Missiles
 b - 2 silver javelins
 d - 278 stones
 e - a throwing net
 s - 6 datura-tipped darts
 u - 2 curare-tipped darts
 v - 14 poisoned darts
 y - 3 boomerangs of dispersal
Armour
 a - a +0 robe (worn)
 c - a +0 helmet (worn)
 i - a +0 cloak (worn)
 A - a +1 leather armour of positive energy
Jewellery
 f - a ring of fire
 m - a ring of protection from fire
 B - a ring of positive energy (right hand)
 D - a +4 ring of evasion (left hand)
Wands
 l - a wand of iceblast (36)
 p - a wand of charming (9)
 w - a wand of paralysis (9)
 z - a wand of digging (2)
 E - a wand of flame (5)
 H - a wand of acid (4)
Scrolls
 g - a scroll of blinking
 n - 4 scrolls of teleportation
 q - 4 scrolls of immolation
 r - 2 scrolls of identify
 t - 2 scrolls of holy word
 x - a scroll of magic mapping
 F - a scroll of vulnerability
Potions
 j - a potion of flight
 k - 3 potions of might
 o - 2 potions of attraction
 C - a potion of magic
Miscellaneous
 G - a phantom mirror


   Skills:
 - Level 3.0 Fighting
 - Level 2.0 Dodging
 - Level 8.0 Stealth
 * Level 10.3 Spellcasting
 - Level 2.0 Transmutations
 * Level 14.5 Poison Magic
 + Level 0.0 Invocations


You had 20 spell levels left.
You knew the following spells:

 Your Spells              Type           Power      Damage    Failure   Level
a - Sting                 Tmut/Pois      100%       1d8       1%          1
b - Poisonous Vapours     Pois/Air       100%       N/A       1%          2
c - Mephitic Cloud        Conj/Pois/Air  38%        N/A       4%          3
d - Olgreb's Toxic Radia  Pois           73%        N/A       1%          4

Your spell library contained the following spells:

 Spells                   Type           Power      Damage    Failure   Level
 Confusing Touch          Hex            13%        N/A       28%         3
 Yara's Violent Unravell  Hex/Tmut       9%         3d6       83%         5
 Enfeeble                 Hex            6%         N/A       100%        7


Dungeon Overview and Level Annotations

Branches:
Dungeon (10/15)            Temple (1/1) D:4            Lair (0/6) D:9
    Orc: D:9-12

Altars:
Cheibriados
Dithmenos
Fedhas
Nemelex Xobeh
Qazlal
Ru
Sif Muna
Uskayaw
Xom

Shops:
D:2 ?

Annotations:
D:5 2 runed translucent doors
D:6 1 runed translucent door, Brotato's ghost, novice TrTm
D:10 Gastronok


Innate Abilities, Weirdness & Mutations

Your serpentine skin is tough. (AC +3)
You have supernaturally acute eyesight. (SInv)
Armour fits poorly on your strangely shaped body.
Your system is resistant to poisons. (rPois)
You cover ground very slowly.
You can spit poison.
You have a snake-like lower body.
Your spells are a little harder to cast, but a little more powerful.
You sometimes lose the ability to read scrolls when taking damage.


Message History

Unknown command.
You sock Gastronok!
Your weapon exudes an aura of protection.
Gastronok is moderately wounded.
Gastronok bites you!
You puncture Gastronok!
Gastronok is moderately wounded.
Gastronok bites you!
You feel threatened and lose the ability to read scrolls!
You hit Gastronok.
Gastronok is moderately wounded.
You hit Gastronok but do no damage.
Gastronok is heavily wounded.
Gastronok misses you.
You hit Gastronok.
Gastronok is heavily wounded.
Gastronok waves his eye-stalks in wide circles.
The air twists around and strikes you!!
* * * LOW HITPOINT WARNING * * *
Okay, then.
The acid dragon roars!
The acid dragon spits acid at you. The splash of acid hits you!
* * * LOW HITPOINT WARNING * * *
The acid corrodes you!
Okay, then.
Casting: Poisonous Vapours (safe; 1% risk of failure)
Confirm with . or Enter, or press ? or * to list all spells.
You miscast Olgreb's Toxic Radiance.
You are very lightly contaminated with residual magic.
Nothing appears to happen.
Casting: Olgreb's Toxic Radiance (mildly dangerous; 1% risk of failure)
Confirm with . or Enter, or press ? or * to list all spells.
You begin to radiate toxic energy.
The acid dragon spits acid at you. The splash of acid misses you.
Gastronok waves his eye-stalks in wide circles.
The air twists around and strikes you!!
You die...
Fedhas appreciates your contribution to the ecosystem.

...........# ...... ...........#
....... ...........# #.......
....#......######......
....#...............D####
....#....................
....#....................
....#....................
##'##...........@........
....#......######w=..###########+
..<.#......#.........#.......#...
....#......#.........#..[....#...
....#......#.........#.......#...
....#......#.........#.......#...
....#......#.........#.......#...
....#......#.........#.......#...
....#......#....#....#.......#...


You could see Gastronok (swift, extremely poisoned) and an acid dragon (catching
breath).

Vanquished Creatures
  A centaur warrior (D:10)
  2 two-headed ogres
  Nergalle (D:10)
  Psyche (D:8)
  A komodo dragon (D:9)
  A troll (D:9)
  A wyvern (D:10)
  5 yaks
  A steam dragon (D:9)
  A water moccasin (D:8)
  An ice beast (D:7)
  An orc warrior (D:7)
  A black bear (D:7)
  2 ogres
  2 centaurs (D:9)
  2 kobold brigands (D:8)
  A wyvern zombie (D:7)
  3 bullfrogs
  A gnoll sergeant (D:9)
  2 scorpions
  A water moccasin skeleton (D:6)
  14 killer bees
  A howler monkey (D:6)
  4 wights (D:8)
  Crazy Yiuf (D:2)
  3 centaur zombies
  A centaur skeleton (D:5)
  2 jellies
  An orc priest (D:8)
  2 hounds
  An iron imp (D:7)
  Jessica (D:2)
  4 iguanas
  A killer bee zombie (D:5)
  A hound zombie (D:5)
  12 gnolls
  4 adders
  A shadow imp (D:6)
  2 white imps
  An adder skeleton (D:4)
  A worm (D:3)
  A dart slug (D:2)
  16 orcs
  4 endoplasms
  A giant cockroach (D:1)
  6 goblins
  5 hobgoblins
  2 jackals (D:3)
  2 quokkas
  8 ball pythons
  5 bats
  7 frilled lizards
  9 kobolds
  3 rats
159 creatures vanquished.

Vanquished Creatures (others)
  8 plants (D:9)
8 creatures vanquished.

Grand Total: 167 creatures vanquished

Notes
Turn   | Place    | Note
-------+----------+-------------------------------------------
     0 | D:1      | firemarshallily the Naga Venom Mage began the quest for the
                  | Orb.
     0 | D:1      | Reached XP level 1. HP: 15/15 MP: 3/3
   245 | D:1      | Reached XP level 2. HP: 22/22 MP: 5/5
   254 | D:1      | Found a faded altar of an unknown god.
   266 | D:1      | Prayed at the altar of an unknown god.
   266 | D:1      | Became a worshipper of Fedhas Madash
   266 | D:1      | Reached * piety under Fedhas
   514 | D:2      | Found Noeq Dargh's Magic Scroll Boutique.
   713 | D:2      | Found a runed translucent door.
   714 | D:2      | Noticed Crazy Yiuf
   770 | D:2      | Reached XP level 3. HP: 15/28 MP: 3/6
   986 | D:2      | Noticed Jessica
   991 | D:2      | Learned a level 2 spell: Poisonous Vapours
   995 | D:2      | Learned a level 3 spell: Mephitic Cloud
  1000 | D:2      | Killed Jessica
  1242 | D:2      | Reached XP level 4. HP: 35/36 MP: 2/8
  1303 | D:2      | Reached skill level 5 in Poison Magic
  1416 | D:2      | You fall into a shaft and drop 1 floor!
  1928 | D:2      | Killed Crazy Yiuf
  1929 | D:2      | Reached XP level 5. HP: 30/42 MP: 4/9
  2400 | D:3      | Found a sparkling altar of Nemelex Xobeh.
  2410 | D:3      | Reached ** piety under Fedhas
  3083 | D:4      | Found a staircase to the Ecumenical Temple.
  3095 | Temple   | Entered the Ecumenical Temple
  3323 | D:4      | Reached skill level 6 in Poison Magic
  3384 | D:4      | Reached XP level 6. HP: 48/49 MP: 11/11
  3713 | D:5      | Entered Level 5 of the Dungeon
  3729 | D:5      | Learned a level 4 spell: Olgreb's Toxic Radiance
  4297 | D:5      | Reached skill level 7 in Poison Magic
  4297 | D:5      | Reached XP level 7. HP: 33/55 MP: 9/13
  4649 | D:5      | Found a runed translucent door.
  4652 | D:5      | Found a runed translucent door.
  4652 | D:5      | Noticed a vampire mosquito
  4809 | D:6      | Reached skill level 5 in Spellcasting
  5045 | D:5      | Gained mutation: Your spells are a little harder to cast,
                  | but a little more powerful. [potion of mutation]
  5045 | D:5      | Gained mutation: You sometimes lose the ability to read
                  | scrolls when taking damage. [potion of mutation]
  5062 | D:6      | Reached skill level 5 in Stealth
  5062 | D:6      | Reached skill level 8 in Poison Magic
  5152 | D:6      | Found a runed translucent door.
  5157 | D:6      | Noticed Brotato's ghost (novice TrTm)
  5233 | D:6      | Reached XP level 8. HP: 43/62 MP: 12/16
  5923 | D:6      | Reached skill level 9 in Poison Magic
  6516 | D:7      | Found a snail-covered altar of Cheibriados.
  6791 | D:7      | Reached *** piety under Fedhas
  7488 | D:8      | Noticed a two-headed ogre
  7504 | D:8      | HP: 4/93 [two-headed ogre/+0 giant spiked club (8)]
  7506 | D:8      | Killed a two-headed ogre
  7507 | D:8      | Reached skill level 10 in Poison Magic
  7507 | D:8      | Reached XP level 9. HP: 5/68 MP: 3/19
  7763 | D:8      | Noticed Psyche
  7774 | D:8      | Killed Psyche
  7775 | D:8      | Reached skill level 11 in Poison Magic
  7926 | D:8      | Found a stormy altar of Qazlal.
  7944 | D:8      | Reached skill level 12 in Poison Magic
  8166 | D:8      | Reached XP level 10. HP: 48/73 MP: 19/22
  8376 | D:8      | Reached **** piety under Fedhas
  8932 | D:9      | Found a sacrificial altar of Ru.
  8936 | D:9      | Found a shadowy altar of Dithmenos.
  8940 | D:9      | Found a shimmering blue altar of Sif Muna.
  9273 | D:9      | Found a shimmering altar of Xom.
  9328 | D:9      | Found a staircase to the Lair.
  9368 | D:9      | Reached skill level 13 in Poison Magic
  9378 | D:9      | Reached skill level 1 in Fighting
  9544 | D:9      | HP: 3/78 [centaur (3)]
 10279 | D:10     | Entered Level 10 of the Dungeon
 10303 | D:10     | Noticed a centaur warrior
 10316 | D:10     | HP: 4/80 [centaur warrior/arrow (10)]
 10324 | D:10     | Killed a centaur warrior
 11004 | D:10     | Noticed Nergalle
 11016 | D:10     | Noticed a spectral orc warlord
 11016 | D:10     | Killed Nergalle
 11017 | D:10     | Reached skill level 10 in Spellcasting
 11017 | D:10     | Reached skill level 14 in Poison Magic
 11362 | D:10     | Noticed a two-headed ogre
 11378 | D:10     | Killed a two-headed ogre
 11379 | D:10     | Reached XP level 11. HP: 60/90 MP: 14/25
 11620 | D:10     | Noticed Gastronok
 11635 | D:10     | Killed from afar by Gastronok

Illustrated notes

Levels and vault maps discovered:
D:1:      grunt_arrival_lava_bath, layout_rooms,
          ebering_ecumenical_altar_abandoned
D:2:      layout_basic, serial_shops, shop, uniq_jessica,
          uniq_crazy_yiuf_cottage
D:3:      layout_loops_ring, mainiacjoe_overflow_catwalk
D:4:      wad_river_or_something, layout_basic, temple_hall
D:5:      lemuel_insect_pit, layout_basic
D:6:      layout_basic, ebering_ghost_sewer_d,
          hangedman_abyss_or_decor_lesser_grid
D:7:      layout_basic, slow_altar_1
D:8:      layout_basic, nicolae_qazlal_scattered_showers, hex_medium,
          uniq_psyche
D:9:      layout_irregular_city, grunt_temple_overflow_diamond, tgw_xom,
          lair_entry_dummy, minmay_lizard_king
D:10:     layout_grid_maze, uniq_gastronok, uniq_josephine, uniq_nergalle
Temple:   regret_index_temple_waves

Skill      XL: |  1  2  3  4  5  6  7  8  9 10 |
---------------+-------------------------------+-----
Dodging        | 2 |  2.0
Poison Magic   | 5 6 7 8 10 12 14 | 14.5
Spellcasting   | 3 4 5 7 8 10 | 10.3
Transmutations | 2 |  2.0
Stealth        | 4 5 7 8 |  8.0
Fighting       | 3 |  3.0

Action                   |  1- 3 |  4- 6 |  7- 9 | 10-12 || total
-------------------------+-------+-------+-------+-------++-------
Melee: Dagger            |    19 |     1 |       |       ||    20
       Dire flail        |       |    57 |   124 |    69 ||   250
Throw: Stone             |       |       |     1 |     1 ||     2
       Javelin           |       |       |       |     2 ||     2
 Cast: Sting             |    25 |    44 |    80 |    40 ||   189
       Poisonous Vapours |     1 |     7 |     9 |    25 ||    42
       Olgreb's Toxic Ra |       |       |    10 |    16 ||    26
 Abil: Spit Poison       |    20 |    30 |    21 |    16 ||    87
  Use: Scroll            |     2 |     2 |     9 |     3 ||    16
       Potion            |       |       |     5 |     1 ||     6
 Stab: Sleeping          |       |     2 |     2 |       ||     4
Armor: Robe              |     7 |    29 |    86 |    49 ||   171
       Skin              |       |       |    28 |       ||    28
Dodge: Dodged            |    13 |    42 |   109 |    79 ||   243
